 Dungeon Crawl Stone Soup version 0.30.1-3-gfc49f6343a (webtiles) character file.

Game seed: 11688130751625279177

16129 Wiggles the Executioner (level 12, -2/90 HPs)
             Began as a Minotaur Berserker on Aug 1, 2023.
             Was a High Priest of Trog.
             Slain by a manticore (9 damage)
             ... on level 11 of the Dungeon.
             The game lasted 00:21:17 (9414 turns).

Wiggles the Executioner (Minotaur Berserker)        Turns: 9414, Time: 00:21:17

Health: -2/90      AC: 15    Str: 32    XL:     12   Next: 7%
Magic:  11/11      EV:  8    Int:  4    God:    Trog [*****.]
Gold:   651        SH:  0    Dex: 11    Spells: 11/11 levels left

rFire   + . .        M - +9 battleaxe (freeze)
rCold   . . .        (shield currently unavailable)
rNeg    . . .        C - +3 plate armour {rF+}
rPois   .            (helmet restricted)
rElec   .            (no cloak)
rCorr   .            F - +0 pair of gloves
SInv    +            (no boots)
Will    .....        i - amulet of regeneration Stlth
                     N - +6 ring of strength
HPRegen 1.15/turn    a - ring of see invisible
MPRegen 0.12/turn

%: no passive effects
@: spiked, very slow
A: horns 2, retaliatory headbutt
a: Renounce Religion, Berserk, Trog's Hand, Brothers in Arms


You were on level 11 of the Dungeon.
You worshipped Trog.
Trog was extremely pleased with you.
You visited 1 branch of the dungeon, and saw 11 of its levels.
You also visited: Ossuary and Bailey.

You collected 831 gold pieces.
You spent 180 gold pieces at shops.

Inventory:

Hand Weapons
 y - a +1 broad axe of electrocution
 M - a +9 battleaxe of freezing (weapon)
Missiles
 G - 2 throwing nets (quivered)
Armour
 t - a +2 chain mail of poison resistance
 C - a +3 plate armour of fire resistance (worn)
 F - a +0 pair of gloves (worn)
Jewellery
 a - a ring of see invisible (right hand)
 d - a ring of protection from fire
 i - an amulet of regeneration (around neck)
 r - a +6 ring of intelligence
 D - a +5 ring of evasion
 J - a ring of protection from fire
 N - a +6 ring of strength (left hand)
 O - a ring of positive energy
 S - a ring of willpower
Wands
 n - a wand of flame (33)
 o - a wand of paralysis (10)
 q - a wand of mindburst (6)
 v - a wand of iceblast (35)
 I - a wand of polymorph (23)
 L - a wand of digging (6)
 Q - a wand of quicksilver (5)
Scrolls
 e - a scroll of magic mapping
 f - 6 scrolls of teleportation
 m - a scroll of blinking
 p - 4 scrolls of fear
 w - a scroll of fog
 K - a scroll of butterflies
Potions
 b - 15 potions of curing
 g - 2 potions of ambrosia
 h - 3 potions of berserk rage
 j - a potion of magic {unknown}
 k - 8 potions of mutation
 s - a potion of attraction {unknown}
 u - 5 potions of lignification
 x - a potion of cancellation {unknown}
 z - 4 potions of might
 A - 4 potions of haste
 B - 3 potions of heal wounds
 H - a potion of flight {unknown}


   Skills:
 - Level 3.6 Fighting
 + Level 22.5 Axes
 - Level 2.4 Armour
 - Level 2.1 Dodging
 - Level 1.2 Stealth
 + Level 0.1 Evocations


You had 11 spell levels left.
You didn't know any spells.
Your spell library was empty.

Dungeon Overview and Level Annotations

Branches:
Dungeon (11/15)            Temple (0/1) D:7            Lair (0/5) D:8
    Orc (0/2) D:10        Ossuary (visited)          Bailey (visited)

Altars:
Cheibriados
Dithmenos
Gozag
Kikubaaqudgha
Makhleb
Nemelex Xobeh
Okawaru
Qazlal
Uskayaw
Vehumet
Wu Jian
Yredelemnul

Shops:
D:1 !   D:3 =   D:4 *   D:7 =   D:9 *   D:11 :

Annotations:
D:9 3 runed translucent doors


Innate Abilities, Weirdness & Mutations

You have a pair of horns on your head.
You reflexively headbutt those who attack you in melee.


Message History

The manticore flicks its tail.
The volley of spikes hits you.
The barbed spikes become lodged in your body.
* * * LOW HITPOINT WARNING * * *
The manticore flicks its tail.
The volley of spikes hits you but does no damage.
The barbs in your skin will harm you if you move.
Continue?
Okay, then.
Aiming: Paralyse
Press: ? - help, Shift-Dir - straight line, f - manticore
Aim: a manticore (chance to affect: 31%)
The manticore easily resists.
You slash the manticore! You freeze the manticore.
The manticore is moderately wounded.
A gargoyle comes into view. It is wielding a +0 mace.
The manticore bites you!
* * * LOW HITPOINT WARNING * * *
The manticore claws you but does no damage.
The manticore barely misses you.
You slice the manticore!! You freeze the manticore!
The manticore is severely wounded.
The manticore bites you but does no damage.
The manticore closely misses you.
The manticore claws you but does no damage.
Your unstable footing causes you to fumble your attack.
You hit the manticore. You freeze the manticore.
The manticore is severely wounded.
The manticore bites you but does no damage.
The manticore barely misses you. The manticore claws you.
* * * LOW HITPOINT WARNING * * *
Your unstable footing causes you to fumble your attack.
The manticore barely misses you.
The manticore claws you but does no damage.
The manticore claws you.
* * * LOW HITPOINT WARNING * * *
Your unstable footing causes you to fumble your attack.
The manticore bites you!
* * * LOW HITPOINT WARNING * * *
The manticore claws you!
You die...

~~.~~~♣....###.. ......P
P~.~~~~.........
......~~~P.~~P♣.........
......~~~~.P♣♣..........
.......P~~.~♣P.#........
.......♣~P.~♣~###.......
....9..♣~≈.~♣♣.#........
♣....H†≈~.~~♣..........
♣@≈~.~≈♣♣.........
♣~~~.~P♣~.........
♣♣~~~.P~♣♣.........
♣♣P~~~.~♣♣..........
~≈~~~~~.~~...........
P≈~≈≈~~~.~............
.......................
~~~~≈~~~~..............
P~≈~≈~~P~~♣.)..........


You could see a manticore and a gargoyle.

Vanquished Creatures
  4 two-headed ogres
  A boulder beetle (D:11)
  Sonja (D:10)
  A deep elf pyromancer (Bailey)
  Joseph (D:7)
  An unseen horror (D:10)
  A troll (D:10)
  2 hornets
  Grinder (D:3)
  A shadow (D:11)
  A water elemental (D:11)
  12 yaks
  Menkaure (D:7)
  Edmund (D:6)
  17 water moccasins
  11 orc warriors
  An ice beast (D:6)
  2 black bears
  2 ogres
  2 phantoms
  6 centaurs
  2 kobold brigands
  5 gnoll sergeants
  7 scorpions
  3 bullfrogs
  8 wights
  A wyvern zombie (D:7)
  20 killer bees
  2 electric eels (D:10)
  A howler monkey (D:9)
  A bullfrog zombie (D:7)
  2 centaur zombies (D:7)
  5 orc priests
  A human zombie (D:7)
  4 iguanas
  8 orc wizards
  Terence (D:3)
  Natasha (thrice) (D:3)
  3 killer bee zombies (D:7)
  A howler monkey zombie (D:7)
  11 mummies
  Robin (D:2)
  9 gnolls
  24 adders
  2 worms
  A dart slug (D:2)
  39 orcs
  8 ball pythons
  5 endoplasms
  9 giant cockroaches
  18 goblins
  10 hobgoblins
  10 jackals
  3 quokkas
  5 bats
  4 frilled lizards
  3 gnoll zombies (Ossuary)
  2 hobgoblin zombies (Ossuary)
  6 kobolds
  2 kobold zombies (Ossuary)
  An orc zombie (Ossuary)
  8 rats
329 creatures vanquished.

Vanquished Creatures (collateral kills)
  An orc knight (Bailey)
  A troll (D:10)
  2 ogres (D:10)
  A gnoll sergeant (D:10)
  A gnoll (D:10)
  3 orcs
9 creatures vanquished.

Grand Total: 338 creatures vanquished

Notes
Turn   | Place    | Note
-------+----------+-------------------------------------------
     0 | D:1      | Wiggles the Minotaur Berserker began the quest for the Orb.
     0 | D:1      | Reached XP level 1. HP: 19/19 MP: 0/0
   151 | D:1      | Reached skill level 4 in Axes
   216 | D:1      | Found a faded altar of an unknown god.
   227 | D:1      | Reached XP level 2. HP: 22/26 MP: 1/1
   318 | D:1      | Found Radeastrio's Distillery.
   368 | D:1      | Reached ** piety under Trog
   447 | D:1      | Reached skill level 5 in Axes
   505 | D:1      | Reached XP level 3. HP: 31/31 MP: 2/2
  1165 | D:2      | You fall into a shaft and drop 1 floor!
  1178 | D:3      | Noticed Natasha
  1185 | D:3      | Killed Natasha
  1186 | D:3      | Reached skill level 6 in Axes
  1186 | D:3      | Reached XP level 4. HP: 39/39 MP: 3/3
  1286 | D:2      | Identified the +0 helmet of the Spheres {rC+ SInv}
  1286 | D:2      | Noticed Robin
  1302 | D:2      | Killed Robin
  1843 | D:3      | Reached *** piety under Trog
  1847 | D:3      | Reached skill level 7 in Axes
  1847 | D:3      | Reached XP level 5. HP: 30/45 MP: 4/4
  1963 | D:3      | Reached skill level 1 in Stealth
  2022 | D:3      | Noticed Grinder
  2029 | D:3      | Killed Grinder
  2030 | D:3      | Reached skill level 8 in Axes
  2030 | D:3      | Reached XP level 6. HP: 51/51 MP: 5/5
  2148 | D:3      | Found Beohis's Jewellery Shop.
  2153 | D:3      | Noticed Natasha
  2158 | D:3      | Killed Natasha
  2159 | D:3      | Reached skill level 9 in Axes
  2198 | D:3      | Noticed Terence
  2205 | D:3      | Killed Terence
  2599 | D:3      | Noticed Natasha
  2605 | D:3      | Killed Natasha
  2648 | D:4      | Reached XP level 7. HP: 57/57 MP: 6/6
  2776 | D:4      | Found a stormy altar of Qazlal.
  2966 | D:4      | Reached skill level 10 in Axes
  3038 | D:4      | Found a sand-covered staircase.
  3067 | Ossuary  | Entered an ossuary
  3078 | Ossuary  | Reached **** piety under Trog
  3357 | D:4      | Found Oleante's Serpentskin Sales.
  3375 | D:4      | Reached skill level 11 in Axes
  3728 | D:5      | Entered Level 5 of the Dungeon
  3768 | D:5      | Reached XP level 8. HP: 46/64 MP: 7/7
  3957 | D:5      | Reached skill level 12 in Axes
  4565 | D:6      | Reached skill level 13 in Axes
  4600 | D:6      | Noticed Edmund
  4606 | D:6      | Killed Edmund
  5161 | D:7      | Found an ornate altar of the Wu Jian Council.
  5201 | D:7      | Found Sunkont's Jewellery Boutique.
  5223 | D:7      | Bought a ring of see invisible for 180 gold pieces
  5286 | D:7      | Found an iron altar of Okawaru.
  5311 | D:7      | Found a flagged portal.
  5319 | D:7      | Noticed Menkaure
  5327 | D:7      | Killed Menkaure
  5328 | D:7      | Reached skill level 14 in Axes
  5328 | D:7      | Reached XP level 9. HP: 61/70 MP: 8/8
  5349 | Bailey   | Entered a bailey
  5409 | Bailey   | Found a large runed translucent door.
  5409 | Bailey   | Found a large runed translucent door.
  5411 | Bailey   | Noticed a deep elf pyromancer
  5412 | Bailey   | Noticed an orc knight
  5421 | Bailey   | Reached skill level 15 in Axes
  5430 | Bailey   | Killed an orc knight
  5579 | Bailey   | Killed a deep elf pyromancer
  5580 | Bailey   | Reached skill level 16 in Axes
  5595 | Bailey   | Identified the +1 robe "Riqesupp" {Int+3}
  5730 | D:7      | Found a shadowy altar of Dithmenos.
  5908 | D:7      | Found a basalt altar of Yredelemnul.
  5938 | D:7      | Reached XP level 10. HP: 77/77 MP: 9/9
  5992 | D:7      | Found a staircase to the Ecumenical Temple.
  6047 | D:7      | Noticed Joseph
  6066 | D:7      | Killed Joseph
  6067 | D:7      | Reached skill level 17 in Axes
  6204 | D:7      | Found a hide-covered altar of Uskayaw.
  6492 | D:8      | Found a sparkling altar of Nemelex Xobeh.
  6692 | D:8      | Paralysed by a hornet for 3 turns
  6819 | D:8      | Reached ***** piety under Trog
  6868 | D:8      | Found a staircase to the Lair.
  6935 | D:8      | Reached skill level 18 in Axes
  7174 | D:9      | Found Feotunui's General Store.
  7280 | D:9      | Reached skill level 19 in Axes
  7391 | D:9      | Found a runed translucent gate.
  7392 | D:9      | Found a runed translucent gate.
  7400 | D:9      | Found a snail-covered altar of Cheibriados.
  7411 | D:9      | Found a runed translucent gate.
  7412 | D:9      | a redback changed into a swamp dragon
  7412 | D:9      | Noticed a swamp dragon (glowing shapeshifter)
  7414 | D:9      | Noticed a green ugly thing
  7415 | D:9      | Noticed a green ugly thing
  7416 | D:9      | Noticed a red ugly thing
  7419 | D:9      | a swamp dragon changed into a glowing shapeshifter
  7419 | D:9      | Noticed a glowing shapeshifter (glowing shapeshifter)
  7420 | D:9      | a glowing shapeshifter changed into a skyshark
  7420 | D:9      | Noticed a skyshark (glowing shapeshifter)
  7667 | D:9      | Noticed a two-headed ogre
  7674 | D:9      | Killed a two-headed ogre
  7675 | D:9      | Reached XP level 11. HP: 60/82 MP: 10/10
  7749 | D:9      | Received a gift from Trog
  8018 | D:9      | a snapping turtle changed into an orb spider
  8018 | D:9      | Noticed an orb spider (glowing shapeshifter)
  8019 | D:9      | an orb spider changed into an eye of devastation
  8020 | D:9      | an eye of devastation changed into a deep troll
  8020 | D:9      | Noticed a deep troll (glowing shapeshifter)
  8021 | D:9      | a deep troll changed into a floating eye
  8035 | D:9      | a merfolk changed into a mana viper
  8035 | D:9      | Noticed a mana viper (glowing shapeshifter)
  8038 | D:9      | a mana viper changed into an elephant
  8065 | D:10     | Entered Level 10 of the Dungeon
  8145 | D:10     | Reached skill level 20 in Axes
  8308 | D:10     | Found a burning altar of Makhleb.
  8601 | D:10     | Reached skill level 21 in Axes
  8683 | D:10     | Found an ancient bone altar of Kikubaaqudgha.
  8686 | D:10     | Found an opulent altar of Gozag.
  8687 | D:10     | Found a radiant altar of Vehumet.
  8828 | D:10     | Found a staircase to the Orcish Mines.
  9017 | D:10     | Noticed a two-headed ogre
  9024 | D:10     | Killed a two-headed ogre
  9063 | D:10     | Noticed Sonja
  9069 | D:10     | Killed Sonja
  9171 | D:11     | Noticed a two-headed ogre
  9177 | D:11     | Killed a two-headed ogre
  9178 | D:11     | Reached skill level 22 in Axes
  9191 | D:11     | Noticed a boulder beetle
  9192 | D:11     | Found Waofoc's Self-Improvement Boutique.
  9203 | D:11     | Killed a boulder beetle
  9228 | D:11     | Noticed a two-headed ogre
  9238 | D:11     | Killed a two-headed ogre
  9238 | D:11     | Received a gift from Trog
  9357 | D:11     | Reached XP level 12. HP: 90/90 MP: 11/11
  9414 | D:11     | Slain by a manticore

Illustrated notes

Levels and vault maps discovered:
D:1:      dpeg_arrival_brainrot, layout_basic, serial_shops, shop,
          dreamdust_ecumenical_altar_statues
D:2:      layout_basic, uniq_robin
D:3:      layout_basic, serial_shops, nicolae_square_shop, minivault_25,
          uniq_natasha, uniq_grinder, uniq_terence
D:4:      layout_basic, grunt_qazlal_sundering,
          nicolae_ossuary_entry_false_entrances, glass_columns_b,
          guppyfry_shop_venom
D:5:      layout_loops_ring
D:6:      layout_loops_ring, uniq_edmund
D:7:      layout_loops_ring, kennysheep_little_box, mainiacjoe_overflow_paths,
          kennysheep_mini, mainiacjoe_overflow_brackets,
          lemuel_mausoleum_altar_yredelemnul, minmay_temple_entry_poolview,
          serial_shops, shop, enter_bailey_6, serial_park_tiny_2, uniq_joseph,
          uniq_menkaure
D:8:      layout_loops_ring, nemelex_diamond_rough_becter,
          grunt_lair_entry_orc_guard_hut, serial_glass, glass_columns_c,
          glass_columns_c
D:9:      layout_roguey, lemuel_crystal_altar,
          ploomutoo_gammafunk_ghost_potion_laboratory, serial_shops, shop,
          minmay_between
D:10:     lemuel_reptile_caves, layout_loops_corners, minitemple,
          kennysheep_orc_monster_closet_entryway, nicolae_figureground_pulse,
          uniq_sonja
D:11:     layout_big_octagon, serial_bayou, serial_bayou_shore_a,
          serial_bayou_pond_e, serial_bayou_lagoon_b, serial_bayou_pond_d,
          minivault_10, nicolae_shop_self_help

Skill      XL: |  1  2  3  4  5  6  7  8  9 10 11 |
---------------+----------------------------------+-----
Axes           | 4 5 6 7 8 9 11 14 16 19 22 | 22.5
Stealth        | 1 |  1.2
Fighting       | |  3.6
Armour         | |  2.4
Dodging        | |  2.1
Evocations     | |  0.1

Action                     |  1- 3 |  4- 6 |  7- 9 | 10-12 || total
---------------------------+-------+-------+-------+-------++-------
  Melee: Hand axe          |    80 |    95 |   150 |       ||   325
         Headbutt          |    13 |    16 |    63 |    47 ||   139
         Punch             |       |       |     7 |     1 ||     8
         War axe           |       |       |    94 |       ||    94
         Broad axe         |       |       |    62 |   129 ||   191
         Battleaxe         |       |       |       |   169 ||   169
 Invoke: Berserk           |       |     4 |     6 |     3 ||    13
         Brothers in Arms  |       |       |     1 |     1 ||     2
  Evoke: Wand              |       |       |       |     2 ||     2
    Use: Scroll            |       |       |    16 |    13 ||    29
 Armour: Ring mail         |    32 |       |       |       ||    32
         Scale mail        |     5 |    36 |       |       ||    41
         Chain mail        |       |     7 |   102 |       ||   109
         Plate armour      |       |       |    24 |   131 ||   155
  Dodge: Dodged            |    58 |    42 |   125 |   171 ||   396
